 Dungeon Crawl Stone Soup version 0.29-a0-350-g7790a0e70a (webtiles) character file.

Game seed: 14122229983087181299

5798 enile the Fighter (level 10, -10/68 HPs)
             Began as a Gargoyle Monk on Apr 22, 2022.
             Was a Follower of Cheibriados.
             Mangled by Erolcha
             ... wielding a +5 giant club
              (24 damage)
             ... on level 9 of the Dungeon.
             The game lasted 00:17:12 (12186 turns).

enile the Fighter (Gargoyle Monk)                  Turns: 12186, Time: 00:17:12

Health: -10/68     AC: 20    Str: 21    XL:     10   Next: 79%
Magic:  7/10       EV:  9    Int: 16    God:    Cheibriados [*.....]
Gold:   329        SH:  0    Dex: 17    Spells: 9/9 levels left

rFire   + . .      SeeInvis .   t - +10 mace "Areilip" {flame, rElec rC+ Dex+3}
rCold   + . .      Faith    .   (no shield)
rNeg    + . .      Spirit   .   L - +0 plate armour
rPois   ∞          Reflect  .   (no helmet)
rElec   +          Harm     .   (no cloak)
rCorr   .          Rampage  +   (no gloves)
Will    .....                   l - +0 pair of boots "Fiollaun" {Rampage Int+3}
Stlth   ..........              (no amulet)
HPRegen 0.21/turn               A - ring of protection from fire
MPRegen 0.12/turn               G - ring of flight

@: flying, very slow
A: sickness immunity, AC +7, negative energy resistance 1, electricity
resistance, torment resistance 1, petrification resistance, sense surroundings
1, subdued magic 1, MP-powered wands
a: Renounce Religion, Bend Time


You were on level 9 of the Dungeon.
You worshipped Cheibriados.
Cheibriados was aware of your devotion.
You visited 2 branches of the dungeon, and saw 10 of its levels.

You collected 512 gold pieces.
You spent 144 gold pieces at shops.
You donated 39 gold pieces to Zin.

Inventory:

Hand Weapons
 a - a +0 mace
 c - a +0 short sword
 m - a +0 quarterstaff
 t - the +10 mace "Areilip" (weapon) {flame, rElec rC+ Dex+3}
   (You bought it in a shop on level 4 of the Dungeon)

   It burns those it strikes, dealing additional fire damage.
   Dex:       It affects your dexterity (+3).
   rC:        It protects you from cold.
   rElec:     It insulates you from electricity.
 u - a +3 vorpal mace
 B - a +2 falchion of holy wrath
 C - a +4 morningstar
Missiles
 v - 12 poisoned darts (quivered)
Armour
 b - a +0 robe
 l - the +0 pair of boots "Fiollaun" (worn) {Rampage Int+3}
   (You found it on level 2 of the Dungeon)

   Int:       It affects your intelligence (+3).
   Rampage:   It bestows one free step when moving towards enemies.
   Cheibriados disapproves of the use of such an item.
 n - a +0 scale mail
 q - a +0 robe of resistance
 L - a +0 plate armour (worn)
 N - a +0 robe of the Archmagi
Jewellery
 A - a ring of protection from fire (left hand)
 G - a ring of flight (right hand)
Wands
 E - a wand of digging (6)
 F - a wand of paralysis (14)
 M - a wand of iceblast (1)
Scrolls
 d - a scroll of immolation
 j - 2 scrolls of enchant weapon
 k - 2 scrolls of amnesia
 o - 6 scrolls of teleportation
 y - a scroll of enchant armour
 I - 2 scrolls of noise
 J - 2 scrolls of vulnerability
 K - a scroll of silence {unknown}
Potions
 e - 3 potions of degeneration
 f - a potion of mutation
 g - 2 potions of curing
 h - a potion of resistance
 i - 5 potions of heal wounds {unknown}
 p - 2 potions of lignification {unknown}
 r - a potion of magic {unknown}
 w - 2 potions of attraction {unknown}
 x - 3 potions of brilliance {unknown}
 z - 2 potions of might {unknown}
 D - a potion of flight {unknown}


   Skills:
 - Level 10.0 Fighting
 - Level 6.0 Maces & Flails
 + Level 5.3 Armour
 - Level 8.0 Dodging
 - Level 5.0 Stealth
 - Level 5.0 Evocations


You had 9 spell levels left.
You didn't know any spells.
Your spell library contained the following spells:

 Spells                   Type           Power      Damage    Failure   Level
 Apportation              Tloc           0%         N/A       99%         1
 Alistair's Intoxication  Tmut/Pois      0%         N/A       100%        5
 Summon Forest            Summ/Tloc      0%         N/A       100%        5
 Eringya's Noxious Bog    Tmut/Pois      0%         N/A       100%        6
 Summon Hydra             Summ           0%         N/A       100%        7


Dungeon Overview and Level Annotations

Branches:
Dungeon (9/15)             Temple (1/1) D:7            Lair (0/6) D:8
    Orc: D:9-12

Altars:
Ashenzari
Cheibriados
Dithmenos
Fedhas
Gozag
Hepliaklqana
Kikubaaqudgha
Makhleb
Nemelex Xobeh
Okawaru
Qazlal
Ru
Sif Muna
Trog
Uskayaw
Vehumet
Wu Jian
Xom
Yredelemnul
Zin
The Shining One

Shops:
D:4 (   D:6 **

Annotations:
D:4 1 runed translucent door, Crazy Yiuf
D:5 3 runed translucent doors, pascalblue's ghost, novice DEAE
D:8 1 transporter
D:9 Erolcha


Innate Abilities, Weirdness & Mutations

You are immune to sickness and miasma.
Your stone body is resilient. (AC +7)
You are immune to poison.
You resist negative energy. (rN+)
You are resistant to electric shocks. (rElec)
You are resistant to unholy torment.
You are immune to petrification.
You passively map a small area around you.
Your spells are a little easier to cast, but a little less powerful.
You expend magic power (3 MP) to strengthen your wands.


Message History

A centaur is nearby!
A centaur is nearby!
The centaur shoots an arrow.
The arrow hits you.
The centaur shoots an arrow.
The arrow barely misses you.
The centaur shoots an arrow.
The arrow barely misses you.
The centaur shoots an arrow.
The arrow hits you!
The centaur unwields a +0 shortbow.
The centaur barely misses you. The centaur kicks you.
The centaur closely misses you.
The centaur kicks you but does no damage.
You sock the centaur! You burn the centaur.
The centaur is almost dead.
The centaur hits you but does no damage.
The centaur kicks you but does no damage.
You thump the centaur! You burn the centaur.
You kill the centaur!
Cheibriados appreciates the change of pace.
Erolcha the Cunning comes into view.
She is wielding a +5 giant club.
Erolcha shouts!
Erolcha gestures wildly while chanting.
Erolcha flickers and vanishes!
Deactivating autopickup; reactivate with Ctrl-A.
There is a strange disturbance nearby!
There is a strange disturbance nearby!
There is a strange disturbance nearby!
You sock something! You burn something. Something hits you.
Okay, then.
The flow of time bends around you.
Something resists with some effort.
You miss something. Something hits you!
You thump something! You burn something. Something hits you but does no damage.
You hit something. You burn something. Something hits you!!
Okay, then.
Okay, then.
As you read the scroll of fear, it crumbles to dust.
You assume a fearsome visage.
Nothing appears to happen.
Something hits you!
* * * LOW HITPOINT WARNING * * *
Okay, then.
As you read the scroll of summoning, it crumbles to dust.
Wisps of shadow whirl around you... Something hits you!!
You die...

########### * ######## #
....<...... , ......... ,
#..#)..##########..#.g#..
................@.g......
,
.################{g.####+
.# * ,, ,+cg.# .# ,, ,,,
#g..#, * * , * .+, *, , ,
#...# .#,, * *#g..# *
##*+* , ,, , ....# ,
,,....# ,,, ,


You could see a friendly gnoll sergeant (summoned), a friendly centaur
(summoned) and 5 friendly gnolls.

Vanquished Creatures
  Erica (D:8)
  Maggie (D:8)
  Psyche (D:9)
  A troll (D:8)
  Prince Ribbit (D:8)
  A wyvern (D:9)
  2 steam dragons
  Grum (D:8)
  Duvessa (D:4)
  A water moccasin (D:5)
  2 ice beasts
  3 black bears
  An orc warrior (D:8)
  2 sky beasts (D:7)
  5 wolves (D:8)
  2 centaurs
  2 kobold brigands (D:7)
  2 necrophages
  A scorpion (D:5)
  6 wights
  Dowan (D:4)
  9 killer bees (D:7)
  2 electric eels (D:8)
  6 jellies
  6 orc priests
  2 gnoll shamans (D:5)
  8 hounds
  2 iguanas (D:5)
  3 orc wizards
  Robin (D:4)
  8 gnolls (D:5)
  8 adders
  2 shadow imps (D:6)
  A white imp (D:6)
  2 ufetubi (D:6)
  3 worms
  2 dart slugs
  21 orcs
  7 endoplasms
  3 giant cockroaches
  13 goblins
  5 hobgoblins
  3 jackals (D:1)
  25 kobolds
  A quokka (D:2)
  8 ball pythons
  5 bats
  4 frilled lizards
  6 rats
204 creatures vanquished.

Notes
Turn   | Place    | Note
-------+----------+-------------------------------------------
     0 | D:1      | enile the Gargoyle Monk began the quest for the Orb.
     0 | D:1      | Reached XP level 1. HP: 14/14 MP: 1/1
   180 | D:1      | Reached XP level 2. HP: 19/20 MP: 2/2
   244 | D:1      | Reached skill level 4 in Fighting
   669 | D:1      | Reached XP level 3. HP: 23/24 MP: 3/3
  1048 | D:2      | Found a faded altar of an unknown god.
  1092 | D:2      | Identified the +0 pair of boots "Fiollaun" {Rampage Int+3}
  1118 | D:2      | Prayed at the altar of an unknown god.
  1118 | D:2      | Became a worshipper of Zin the Law-Giver
  1118 | D:2      | Reached * piety under Zin
  1118 | D:2      | Reached ** piety under Zin
  1118 | D:2      | Reached *** piety under Zin
  1213 | D:2      | Reached skill level 5 in Fighting
  2296 | D:2      | Reached XP level 4. HP: 31/31 MP: 4/4
  2923 | D:3      | Reached XP level 5. HP: 35/35 MP: 5/5
  3287 | D:3      | Reached **** piety under Zin
  3885 | D:4      | Found Ekholun's Antique Weapon Shop.
  4118 | D:4      | Bought a crystal mace for 144 gold pieces
  4118 | D:4      | Identified the +10 mace "Areilip" {flame, rElec rC+ Dex+3}
                  | (You bought it in a shop on level 4 of the Dungeon)
  4144 | D:4      | Found a runed translucent door.
  4145 | D:4      | Noticed Crazy Yiuf
  4197 | D:4      | Reached XP level 6. HP: 31/41 MP: 6/6
  4285 | D:4      | Noticed an ice beast
  4293 | D:4      | Killed an ice beast
  4294 | D:4      | Reached skill level 6 in Fighting
  4372 | D:4      | Noticed Robin
  4466 | D:4      | Killed Robin
  4725 | D:4      | Noticed Duvessa
  4725 | D:4      | Noticed Dowan
  5402 | D:4      | Killed Duvessa
  5403 | D:4      | Reached XP level 7. HP: 32/47 MP: 7/7
  5408 | D:4      | Killed Dowan
  5700 | D:5      | Entered Level 5 of the Dungeon
  5740 | D:5      | Reached skill level 5 in Maces & Flails
  5851 | D:5      | Reached skill level 7 in Fighting
  5967 | D:5      | Found a blossoming altar of Fedhas.
  6095 | D:5      | Reached XP level 8. HP: 53/53 MP: 8/8
  6140 | D:5      | Noticed pascalblue's ghost (novice DEAE)
  6141 | D:5      | Found a runed translucent gate.
  6142 | D:5      | Found a runed translucent gate.
  6143 | D:5      | Found a runed translucent gate.
  6171 | D:5      | Reached ***** piety under Zin
  7051 | D:6      | Found Boalaci's Specific Store.
  7053 | D:6      | Found Syll's General Store.
  7149 | D:6      | Reached skill level 5 in Dodging
  7769 | D:6      | Found a sacrificial altar of Ru.
  7839 | D:6      | Reached skill level 1 in Evocations
  8084 | D:7      | Reached XP level 9. HP: 50/57 MP: 9/9
  8571 | D:7      | Reached skill level 5 in Evocations
  8727 | D:7      | Found a staircase to the Ecumenical Temple.
  8739 | Temple   | Entered the Ecumenical Temple
  8985 | Temple   | Fell from the grace of Zin
  8985 | Temple   | Became a worshipper of Cheibriados the Contemplative
  9036 | D:7      | Reached skill level 8 in Fighting
  9213 | D:8      | Noticed a troll
  9227 | D:8      | Killed a troll
  9266 | D:8      | Reached skill level 9 in Fighting
  9390 | D:8      | HP: 1/60 [wolf (8)]
 10035 | D:8      | Noticed Maggie
 10051 | D:8      | Killed Maggie
 10052 | D:8      | Reached skill level 10 in Fighting
 10052 | D:8      | Reached XP level 10. HP: 35/68 MP: 10/10
 10268 | D:8      | Found a staircase to the Lair.
 10385 | D:8      | Noticed Erica
 10415 | D:8      | Noticed Prince Ribbit
 10419 | D:8      | Killed Prince Ribbit
 10869 | D:8      | Found a sparkling altar of Nemelex Xobeh.
 10869 | D:8      | Found a transporter.
 10869 | D:8      | Noticed a tengu warrior
 10977 | D:8      | Gained mutation: You passively map a small area around you.
                  | [potion of mutation]
 10977 | D:8      | Gained mutation: Your spells are a little easier to cast,
                  | but a little less powerful. [potion of mutation]
 10977 | D:8      | Gained mutation: You expend magic power (3 MP) to
                  | strengthen your wands. [potion of mutation]
 11003 | D:8      | Noticed Grum
 11015 | D:8      | Killed Grum
 11199 | D:8      | Reached * piety under Cheibriados
 11380 | D:8      | Killed Erica
 11695 | D:9      | Noticed Psyche
 11704 | D:9      | Killed Psyche
 11705 | D:9      | Reached skill level 5 in Stealth
 11935 | D:9      | Reached skill level 5 in Armour
 12177 | D:9      | Noticed Erolcha
 12186 | D:9      | Mangled by Erolcha

Illustrated notes

Levels and vault maps discovered:
D:1:      lightli_arrival_statuegarden, layout_rooms, grunt_decor_one_mirror,
          minmay_misc_feat_four_crosses, chequers_decorated_corner
D:2:      layout_basic, dreamdust_ecumenical_altar_angels_and_demons,
          minmay_tripent
D:3:      wander_river, layout_loops_corners
D:4:      layout_layer_cave, serial_shops, nicolae_shop_overgrown_old_shop,
          minmay_tree_intersection, uniq_crazy_yiuf_cottage, uniq_duvessa,
          uniq_robin
D:5:      layout_loops_cross, fedhas_altar_2, gammafunk_ghost_nasty_kobolds,
          minmay_misc_feat_encased
D:6:      layout_basic, mainiacjoe_overflow_brackets, hex_medium, minivault_25,
          nicolae_specific_store, kennysheep_opposing_triangles
D:7:      layout_loops_ring, minmay_temple_entry_antechambers
D:8:      layout_basic, grunt_nemelex_the_gamble, erik_lair_island,
          chequers_serial_rivers_micro_d, uniq_maggie, uniq_erica, uniq_grum,
          uniq_prince_ribbit1
D:9:      layout_stronghold, serial_shops, nicolae_shop_statue_plus,
          bh_walls_and_bars, uniq_erolcha, uniq_psyche
Temple:   eino_narrow_crystal_temple

Skill      XL: |  1  2  3  4  5  6  7  8  9 10 |
---------------+-------------------------------+-----
Fighting       | 4 5 6 7 10 | 10.0
Dodging        | 3 4 6 8 |  8.0
Maces & Flails | 4 6 |  6.0
Armour         | 2 4 5 |  5.3
Evocations     | 2 5 |  5.0
Stealth        | 5 |  5.0

Action                   |  1- 3 |  4- 6 |  7- 9 | 10-12 || total
-------------------------+-------+-------+-------+-------++-------
Melee: Mace              |   102 |    37 |   255 |    61 ||   455
       Quarterstaff      |    16 |    93 |       |       ||   109
       Punch             |       |       |     2 |     1 ||     3
       Unarmed           |       |       |       |     4 ||     4
Throw: Dart              |       |    17 |    28 |    11 ||    56
       Throwing net      |       |       |       |     1 ||     1
Invok: Recite            |       |     1 |       |       ||     1
       Bend Time         |       |       |       |     1 ||     1
Evoke: Wand              |       |       |       |     1 ||     1
  Use: Potion            |       |     3 |     4 |     1 ||     8
       Scroll            |       |       |     7 |    10 ||    17
 Stab: Sleeping          |     6 |     2 |       |       ||     8
       Distracted        |       |     1 |       |       ||     1
       Paralysed         |       |       |       |     4 ||     4
Armor: Robe              |    37 |     8 |       |       ||    45
       Scale mail        |       |    58 |   127 |    17 ||   202
       Plate armour      |       |       |       |    15 ||    15
Dodge: Dodged            |    77 |    73 |   158 |    53 ||   361

Table legend: (Time is in decaauts)
 A = Elapsed time spent in this place.
 B = Non-inter-level travel time spent in this place.
 C = Inter-level travel time spent in this place.
 D = Time resting spent in this place.
 E = Time spent auto-exploring this place.
 F = Levels seen in this place.
 G = Mean time per level.
                   A        B        C        D        E       F      G
               +--------+--------+--------+--------+--------+-----+--------+
         Total |  12760 |  12320 |    440 |   2064 |   8491 |  10 | 1276.0 |
       Dungeon |  12494 |  12092 |    402 |   2064 |   8280 |   9 | 1388.2 |
        Temple |    265 |    227 |     38 |      0 |    211 |   1 |  265.0 |
               +--------+--------+--------+--------+--------+-----+--------+

Top non-repeatable levels by time:
     D:8: 2761 daAuts
     D:2: 1538 daAuts
     D:3: 1518 daAuts
     D:4: 1458 daAuts
     D:1: 1292 daAuts
     D:5: 1257 daAuts
     D:6: 1104 daAuts
     D:7: 927 daAuts
     D:9: 635 daAuts
  Temple: 265 daAuts
